PCL
MEXICO CITY CERVECEROS @ LAS VEGAS STARS
04/29/2023
 
TOP OF THE 1ST
Mexico City Cerveceros batting - Pitching for Las Vegas Stars : LHP Ze-min Tong
Pitching: LHP Ze-min Tong
Batting: RHB Dan Mason 0-0: Ground out 6-3 (Groundball, 6)
Batting: RHB Murai Ishihara 0-0: Called Strike
0-1: SINGLE (Line Drive, 4D)
Batting: LHB Eduardo Gómez 0-0: Swinging Strike
0-1: Called Strike
Murai Ishihara steals 2nd base
0-2: Ball
1-2: Ball
2-2: Foul Ball, location: 2F
2-2: Strikes out swinging
Batting: RHB Dave Morgan 0-0: Called Strike
0-1: Foul Ball, location: 2F
0-2: Ball
1-2: Foul Ball, location: 2F
1-2: Ball
2-2: SINGLE (Groundball, 56)
Murai Ishihara to third
Runner from 3rd tries for Home, SAFE, no throw or cutoff
Batting: RHB Reynold Akker 0-0: Ball
1-0: Fly out, F8 (Flyball, 89D)
Top of the 1st over - 1 run(s), 2 hit(s), 0 error(s), 1 left on base; Mexico City 1 - Las Vegas 0
BOTTOM OF THE 1ST
Las Vegas Stars batting - Pitching for Mexico City Cerveceros : RHP Roberto Matoza
Pitching: RHP Roberto Matoza
Batting: RHB Tae-kwon Kwon 0-0: Ball
1-0: Foul Ball, location: 2F
1-1: Bunt for hit - play at first, batter safe!
Batting: RHB Brian George 0-0: Ball
1-0: Swinging Strike
1-1: Ball
2-1: Called Strike
2-2: Foul Ball, location: 2F
2-2: Ball
3-2: Foul Ball, location: 2F
3-2: Base on Balls
Tae-kwon Kwon to second
Batting: LHB Paco Rivera 0-0: Fly out, F9 (Flyball, 89M)
Batting: LHB Evan Slootweg 0-0: Foul Ball, location: 2F
0-1: Ball
1-1: Called Strike
1-2: Foul Ball, location: 2F
1-2: Foul Ball, location: 2F
1-2: Strikes out looking
Batting: LHB Eliot Helen 0-0: Ball
1-0: Called Strike
1-1: Ground out 4-3 (Groundball, 4)
Bottom of the 1st over - 0 run(s), 1 hit(s), 0 error(s), 2 left on base; Mexico City 1 - Las Vegas 0
TOP OF THE 2ND
Mexico City Cerveceros batting - Pitching for Las Vegas Stars : LHP Ze-min Tong
Batting: LHB Brandon Cummings 0-0: Ball
1-0: SINGLE (Line Drive, 4MD)
Batting: LHB Luka Lagerweij 0-0: Ball
1-0: Called Strike
1-1: Ball
2-1: Called Strike
2-2: Strikes out swinging
Batting: RHB Iván Gonzáles 0-0: Grounds into double play, 6-4-3 (Groundball, 6)
Top of the 2nd over - 0 run(s), 1 hit(s), 0 error(s), 0 left on base; Mexico City 1 - Las Vegas 0
BOTTOM OF THE 2ND
Las Vegas Stars batting - Pitching for Mexico City Cerveceros : RHP Roberto Matoza
Batting: RHB Vicente Salgado 0-0: Called Strike
0-1: Ball
1-1: Called Strike
1-2: Ball
2-2: Fly out, F8 (Flyball, 8LXD)
Batting: SHB Santiago Farías 0-0: Ball
1-0: Ball
2-0: Ball
3-0: Base on Balls
Batting: RHB Tom Jacobson 0-0: Ball
1-0: Ball
2-0: Ground out 4-3 (Groundball, 4MS)
Santiago Farías to second
Batting: LHB José Padilla 0-0: Ball
1-0: Ball
2-0: Ball
3-0: Called Strike
3-1: 2-RUN HOME RUN (Flyball, 9D), Distance : 391 ft
Batting: RHB Tae-kwon Kwon 0-0: Ball
1-0: Ball
2-0: SINGLE (Flyball, 89S)
Batting: RHB Brian George 0-0: Swinging Strike
0-1: Called Strike
Tae-kwon Kwon steals 2nd base
0-2: SINGLE (Line Drive, 34)
Tae-kwon Kwon to third
Batting: LHB Paco Rivera 0-0: Fly out, F7 (Flyball, 78XD)
Bottom of the 2nd over - 2 run(s), 3 hit(s), 0 error(s), 2 left on base; Mexico City 1 - Las Vegas 2
TOP OF THE 3RD
Mexico City Cerveceros batting - Pitching for Las Vegas Stars : LHP Ze-min Tong
Batting: LHB Javier Escobedo 0-0: Called Strike
0-1: Called Strike
0-2: Ball
1-2: Ground out 4-3 (Groundball, 4)
Batting: RHB Dan Mason 0-0: Ball
1-0: Foul Ball, location: 2F
1-1: Swinging Strike
1-2: Strikes out swinging
Batting: RHB Murai Ishihara 0-0: Called Strike
0-1: Foul Ball, location: 2F
0-2: Ball
1-2: Ball
2-2: Ball
3-2: DOUBLE (Flyball, 89M)
Batting: LHB Eduardo Gómez 0-0: Swinging Strike
0-1: Called Strike
0-2: Ball
1-2: Ball
2-2: Foul Ball, location: 2F
2-2: Foul Ball, location: 2F
2-2: Strikes out looking
Top of the 3rd over - 0 run(s), 1 hit(s), 0 error(s), 1 left on base; Mexico City 1 - Las Vegas 2
BOTTOM OF THE 3RD
Las Vegas Stars batting - Pitching for Mexico City Cerveceros : RHP Roberto Matoza
Batting: LHB Evan Slootweg 0-0: Ball
1-0: Swinging Strike
1-1: SOLO HOME RUN (Flyball, 89XD), Distance : 412 ft
Batting: LHB Eliot Helen 0-0: Ball
1-0: Ball
2-0: Foul Ball, location: 2F
2-1: SINGLE (Line Drive, 7S)
Batting: RHB Vicente Salgado 0-0: Swinging Strike
0-1: Called Strike
0-2: SINGLE (Groundball, 6MD)
Eliot Helen to second
Runner from 2nd tries for 3rd, SAFE, throw made to third
Batting: SHB Santiago Farías 0-0: Fielders Choice at 2nd, 5-4 (Groundball, 5L)
Eliot Helen scores
Batting: RHB Tom Jacobson 0-0: Called Strike
0-1: Ball
Santiago Farías steals 2nd base
1-1: Ball
2-1: Foul Ball, location: 2F
2-2: Ground out 6-3 (Groundball, 56)
Batting: LHB José Padilla 0-0: Ball
1-0: Called Strike
1-1: Foul Ball, location: 2F
1-2: Fly out, F6 (Line Drive, 6M)
Bottom of the 3rd over - 2 run(s), 3 hit(s), 0 error(s), 1 left on base; Mexico City 1 - Las Vegas 4
TOP OF THE 4TH
Mexico City Cerveceros batting - Pitching for Las Vegas Stars : LHP Ze-min Tong
Batting: RHB Dave Morgan 0-0: Ball
1-0: Foul Ball, location: 2F
1-1: SOLO HOME RUN (Flyball, 7LD), Distance : 384 ft
Batting: RHB Reynold Akker 0-0: Ball
1-0: Called Strike
1-1: SINGLE (Groundball, 25) (infield hit)
Batting: LHB Brandon Cummings 0-0: Ball
Reynold Akker is caught stealing 2nd base
1-0: SINGLE (Line Drive, 9LS)
Batting: LHB Luka Lagerweij 0-0: Ball
1-0: Ball
2-0: Foul Ball, location: 2F
2-1: SINGLE (Groundball, 4MD)
Brandon Cummings to second
Batting: RHB Iván Gonzáles 0-0: Called Strike
0-1: SINGLE (Groundball, 6MD)
Brandon Cummings to third
Luka Lagerweij to second
Runner from 3rd tries for Home, SAFE, throw made at trailing runner, SAFE at third!
Batting: LHB Javier Escobedo 0-0: Ball
1-0: Swinging Strike
1-1: Swinging Strike
1-2: Strikes out looking
Batting: RHB Dan Mason 0-0: Swinging Strike
0-1: Ball
1-1: Ball
2-1: Ball
3-1: Fielders Choice at 2nd, U6 (Groundball, 6M)
Top of the 4th over - 2 run(s), 5 hit(s), 0 error(s), 2 left on base; Mexico City 3 - Las Vegas 4
BOTTOM OF THE 4TH
Las Vegas Stars batting - Pitching for Mexico City Cerveceros : RHP Roberto Matoza
Batting: RHB Tae-kwon Kwon 0-0: Called Strike
0-1: Swinging Strike
0-2: Ground out 5-3 (Groundball, 56)
Batting: RHB Brian George 0-0: Ball
1-0: Fly out, F8 (Flyball, 8RS)
Batting: LHB Paco Rivera 0-0: Ground out 4-3 (Groundball, 4)
Bottom of the 4th over - 0 run(s), 0 hit(s), 0 error(s), 0 left on base; Mexico City 3 - Las Vegas 4
TOP OF THE 5TH
Mexico City Cerveceros batting - Pitching for Las Vegas Stars : LHP Ze-min Tong
Batting: RHB Murai Ishihara 0-0: Ball
1-0: Ground out 6-3 (Groundball, 6M)
Batting: LHB Eduardo Gómez 0-0: Ball
1-0: Called Strike
1-1: Swinging Strike
1-2: Strikes out looking
Batting: RHB Dave Morgan 0-0: Called Strike
0-1: Ball
1-1: Called Strike
1-2: Ball
2-2: Foul Ball, location: 2F
2-2: Foul Ball, location: 2F
2-2: Ball
3-2: SOLO HOME RUN (Line Drive, 7LD), Distance : 389 ft
Batting: RHB Reynold Akker 0-0: Ball
1-0: Ground out 6-3 (Groundball, 6M)
Top of the 5th over - 1 run(s), 1 hit(s), 0 error(s), 0 left on base; Mexico City 4 - Las Vegas 4
BOTTOM OF THE 5TH
Las Vegas Stars batting - Pitching for Mexico City Cerveceros : RHP Roberto Matoza
Batting: LHB Evan Slootweg 0-0: Swinging Strike
0-1: Foul Ball, location: 2F
0-2: Ball
1-2: Ball
2-2: Ground out 4-3 (Groundball, 4M)
Batting: LHB Eliot Helen 0-0: Ball
1-0: Called Strike
1-1: Ball
2-1: Ball
3-1: Base on Balls
Batting: RHB Vicente Salgado 0-0: Foul Ball, location: 2F
0-1: Ball
1-1: Called Strike
1-2: Foul Ball, location: 2F
1-2: Fly out, F7 (Popup, 7S)
Batting: SHB Santiago Farías 0-0: Called Strike
0-1: Ball
1-1: Ball
2-1: Hit by Pitch
Eliot Helen to second
Batting: RHB Tom Jacobson 0-0: Swinging Strike
0-1: Called Strike
0-2: Ball
1-2: Fly out, F9 (Flyball, 9M)
Bottom of the 5th over - 0 run(s), 0 hit(s), 0 error(s), 2 left on base; Mexico City 4 - Las Vegas 4
TOP OF THE 6TH
Mexico City Cerveceros batting - Pitching for Las Vegas Stars : LHP Ze-min Tong
Pitching: RHP Paco Ríos
Batting: LHB Brandon Cummings 0-0: Ground out 4-3 (Groundball, 4M)
Batting: LHB Luka Lagerweij 0-0: Ball
1-0: Called Strike
1-1: Bunted foul
1-2: Ball
2-2: Strikes out swinging
Batting: RHB Iván Gonzáles 0-0: Ball
1-0: Ball
2-0: Ball
3-0: Base on Balls
Batting: LHB Javier Escobedo 0-0: Swinging Strike
0-1: Ball
1-1: Called Strike
1-2: Strikes out swinging
Top of the 6th over - 0 run(s), 0 hit(s), 0 error(s), 1 left on base; Mexico City 4 - Las Vegas 4
BOTTOM OF THE 6TH
Las Vegas Stars batting - Pitching for Mexico City Cerveceros : RHP Roberto Matoza
Pitching: RHP Jared Cameron
Batting: LHB José Padilla 0-0: Ball
1-0: Ball
2-0: Ball
3-0: Called Strike
3-1: Swinging Strike
3-2: Strikes out swinging
Batting: RHB Tae-kwon Kwon 0-0: Called Strike
0-1: Swinging Strike
0-2: Strikes out swinging
Batting: RHB Brian George 0-0: Called Strike
0-1: Called Strike
0-2: Ball
1-2: Ball
2-2: Foul Ball, location: 2F
2-2: Ball
3-2: Base on Balls
Batting: LHB Paco Rivera 0-0: Called Strike
0-1: Ball
1-1: Ball
Passed Ball!
Brian George to second
2-1: SINGLE (Groundball, 5D)
Brian George to third
Throwing error, E7
Brian George scores
Paco Rivera to second
Batting: LHB Evan Slootweg 0-0: Called Strike
0-1: Foul Ball, location: 2F
0-2: Ball
1-2: Ball
2-2: Foul Ball, location: 2F
2-2: Ball
3-2: Foul Ball, location: 2F
3-2: DOUBLE (Flyball, 89XD)
Paco Rivera scores
Pitching: RHP Josh Schmitt
Batting: LHB Eliot Helen 0-0: Foul Ball, location: 2F
0-1: Ball
1-1: Ball
2-1: Foul Ball, location: 2F
2-2: Strikes out swinging
Bottom of the 6th over - 2 run(s), 2 hit(s), 1 error(s), 1 left on base; Mexico City 4 - Las Vegas 6
TOP OF THE 7TH
Mexico City Cerveceros batting - Pitching for Las Vegas Stars : RHP Paco Ríos
Batting: RHB Dan Mason 0-0: Swinging Strike
0-1: Called Strike
0-2: Foul Ball, location: 2F
0-2: Strikes out swinging
Batting: RHB Murai Ishihara 0-0: Ball
1-0: Called Strike
1-1: Swinging Strike
1-2: DOUBLE (Flyball, 78D)
Batting: LHB Eduardo Gómez 0-0: Ball
1-0: Foul Ball, location: 2F
1-1: Ball
2-1: Ground out 4-3 (Groundball, 4)
Murai Ishihara to third
Batting: RHB Dave Morgan 0-0: Foul Ball, location: 2F
0-1: Swinging Strike
0-2: Ball
1-2: Ball
2-2: Strikes out looking
Top of the 7th over - 0 run(s), 1 hit(s), 0 error(s), 1 left on base; Mexico City 4 - Las Vegas 6
BOTTOM OF THE 7TH
Las Vegas Stars batting - Pitching for Mexico City Cerveceros : RHP Josh Schmitt
Batting: RHB Vicente Salgado 0-0: Ball
1-0: Ball
2-0: Ball
3-0: Called Strike
3-1: Reached on Error, E9 (Flyball, 89S)
Batting: SHB Santiago Farías 0-0: Bunted foul
0-1: Bunted foul
0-2: Ball
1-2: Grounds into double play, 1-6-3 (Groundball, 15)
Batting: RHB Tom Jacobson 0-0: Ball
1-0: Ball
2-0: Foul Ball, location: 2F
2-1: Ball
3-1: Called Strike
3-2: Foul Ball, location: 2F
3-2: Foul Ball, location: 2F
3-2: SINGLE (Line Drive, 89S)
Batting: LHB José Padilla 0-0: Ball
1-0: Swinging Strike
1-1: Foul Ball, location: 2F
1-2: Foul Ball, location: 2F
1-2: Ball
2-2: Ball
3-2: Base on Balls
Tom Jacobson to second
Batting: RHB Tae-kwon Kwon 0-0: Ball
1-0: Fielders Choice at 2nd, 6-4 (Groundball, 6)
Bottom of the 7th over - 0 run(s), 1 hit(s), 1 error(s), 1 left on base; Mexico City 4 - Las Vegas 6
TOP OF THE 8TH
Mexico City Cerveceros batting - Pitching for Las Vegas Stars : RHP Paco Ríos
Pitching: RHP Mike Drader
Batting: RHB Reynold Akker 0-0: Ground out 6-3 (Groundball, 6M)
Batting: LHB Brandon Cummings 0-0: Called Strike
0-1: Foul Ball, location: 2F
0-2: Strikes out swinging
Batting: LHB Luka Lagerweij 0-0: Called Strike
0-1: Ball
1-1: Ball
2-1: Foul Ball, location: 2F
2-2: Foul Ball, location: 2F
2-2: Strikes out swinging
Top of the 8th over - 0 run(s), 0 hit(s), 0 error(s), 0 left on base; Mexico City 4 - Las Vegas 6
BOTTOM OF THE 8TH
Las Vegas Stars batting - Pitching for Mexico City Cerveceros : RHP Josh Schmitt
Batting: RHB Brian George 0-0: Ball
1-0: Called Strike
1-1: Ball
2-1: Ground out 5-3 (Groundball, 56S)
Batting: LHB Paco Rivera 0-0: Ground out 4-3 (Groundball, 4)
Batting: LHB Evan Slootweg 0-0: Foul Ball, location: 2F
0-1: Swinging Strike
0-2: Ball
1-2: Strikes out looking
Bottom of the 8th over - 0 run(s), 0 hit(s), 0 error(s), 0 left on base; Mexico City 4 - Las Vegas 6
TOP OF THE 9TH
Mexico City Cerveceros batting - Pitching for Las Vegas Stars : RHP Mike Drader
Pitching: RHP John Corrigan
Now at SS: Cole Bradley
Batting: RHB Iván Gonzáles 0-0: Ball
1-0: Called Strike
1-1: Called Strike
1-2: Fly out, F8 (Flyball, 89M)
Batting: LHB Javier Escobedo 0-0: Called Strike
0-1: Ball
1-1: Foul Ball, location: 2F
1-2: Strikes out swinging
Batting: RHB Dan Mason 0-0: Ball
1-0: Called Strike
1-1: Ball
2-1: Fly out, F6 (Line Drive, 6)
Top of the 9th over - 0 run(s), 0 hit(s), 0 error(s), 0 left on base; Mexico City 4 - Las Vegas 6
This league is powered by Out of the Park Baseball, the baseball management simulation game for PC, Mac and Linux
Wednesday, December 2nd, 2015 - OOTP Baseball 16.8 Build 38